Canucks vs Lightning
Created - February 24, 2023 at 20:18
Goals
|
| Canucks |
3 |
1 |
0 |
4 |
| Lightning |
1 |
1 |
0 |
2 |
|
Shots
|
| Canucks |
13 |
16 |
4 |
33 |
| Lightning |
8 |
11 |
3 |
22 |
|
1st period
1. Canucks , Derick Brassard 23 (Artemi Panarin 17, Brandon Burlon 3) at 13:18
2. Lightning , Kasperi Kapanen 18 (Yanni Gourde 20, Brendan Lemieux 22) at 15:14 (PP)
3. Canucks , Oliver Ekman-Larsson 4 (Brandon Gormley 19, Matt Hackett) at 17:25 (PP)
4. Canucks , Maxim Talbot 3 (Andreas Martinsen 8) at 18:21
Penalties :
Maxim Talbot (Van) for Holding Stick (Minor) at 2:06, Nick Ritchie (Van) for Hooking (Minor) at 4:50, Sam Gagner (Van) for Holding (Minor) at 14:01, Tyler Myers (Van) for Cross-checking (Minor) at 14:25, Brock Boeser (T.B) for High sticking (Minor) at 16:19
2nd period
5. Canucks , Ben Smith 21 (Oliver Ekman-Larsson 30, Derick Brassard 24) at 4:46
6. Lightning , Victor Hedman 3 (Shayne Gostisbehere 16, Yanni Gourde 21) at 18:22 (PP)
Penalties :
Derick Brassard (Van) for Slashing (Minor) at 10:22, Ben Smith (Van) for Tripping (Minor) at 17:15, Brendan Lemieux (T.B) for High sticking (Minor) at 19:39
3rd period
No Goal
Penalties :
Jiri Fischer (T.B) for High sticking (Minor) at 3:26, Victor Hedman (T.B) for Roughing (Minor) at 3:50, Ondrej Palat (T.B) for Hooking (Minor) at 9:20, Josh Bailey (Van) for Hooking (Minor) at 11:26, Shayne Gostisbehere (T.B) for Hooking (Minor) at 17:41
Goalie Stats
Matt Hackett (Van), 20 saves from 22 shots - (0.909), W, 3-3-0, 60:00 minutes
Jimmy Howard (T.B), 29 saves from 33 shots - (0.879), L, 5-3-1, 60:00 minutes
Players Stats for Canucks
Player Name G A P +/- PIM S H SB GA TA FO MP PP MP PK MP
------------------------------------------------------------------------------------
Andreas Martinsen 0 1 1 1 0 2 0 0 1 0 0/0 8:42 0:00 1:39
Artemi Panarin 0 1 1 2 0 3 3 0 0 0 5/15 24:44 5:22 6:42
Ben Smith 1 0 1 2 2 4 2 0 0 1 2/3 20:05 4:46 2:45
Brandon Burlon 0 1 1 1 0 0 1 0 0 0 0/0 9:47 0:00 1:40
Brandon Gormley 0 1 1 1 0 0 0 0 0 1 0/0 17:08 4:11 0:00
Derick Brassard 1 1 2 2 2 3 0 1 1 0 15/23 22:58 5:22 4:37
Gilbert Brule 0 0 0 0 0 0 0 0 0 1 2/8 12:37 0:06 0:25
Hampus Lindholm 0 0 0 1 0 0 1 4 0 4 0/0 22:03 5:10 4:15
Jeremy Morin 0 0 0 0 0 2 1 1 0 1 0/0 12:04 3:59 0:28
Josh Bailey 0 0 0 1 2 0 0 0 0 0 0/0 6:55 0:00 0:00
Mats Zuccarello 0 0 0 0 0 2 1 0 0 0 1/1 7:43 0:00 0:00
Maxim Talbot 1 0 1 1 2 2 2 0 0 0 3/5 6:54 0:00 0:00
Michael Kostka 0 0 0 1 0 0 0 1 0 0 0/0 12:16 0:00 4:34
Nick Ritchie 0 0 0 0 2 2 1 1 0 0 0/0 13:49 0:00 2:05
Oliver Ekman-Larsson 1 1 2 1 0 5 2 1 3 1 0/0 31:42 6:11 6:47
Patrice Bergeron 0 0 0 0 0 3 0 0 0 0 1/2 14:52 3:59 3:12
Sam Gagner 0 0 0 0 2 1 2 0 1 0 0/0 15:46 3:59 0:00
Tyler Myers 0 0 0 1 2 4 0 2 1 1 0/0 27:33 3:40 5:25
Players Stats for Lightning
Player Name G A P +/- PIM S H SB GA TA FO MP PP MP PK MP
------------------------------------------------------------------------------------
Antoine Vermette 0 0 0 0 0 1 1 0 1 0 2/2 7:03 0:00 0:25
Brendan Lemieux 0 1 1 -1 2 4 5 0 1 0 1/2 17:01 4:47 1:41
Brent Seabrook 0 0 0 -2 0 0 1 1 1 1 0/0 28:40 7:01 4:51
Brock Boeser 0 0 0 -1 2 2 0 1 0 0 0/0 16:31 6:33 0:00
Jesper Fast 0 0 0 0 0 1 0 0 0 0 1/1 6:46 0:00 0:00
Jimmy Vesey 0 0 0 -2 0 1 0 0 1 0 0/1 9:59 0:00 0:03
Jiri Fischer 0 0 0 -1 2 0 1 0 0 0 0/0 10:00 0:00 0:01
John Carlson 0 0 0 -2 0 2 2 0 1 1 0/0 28:00 7:01 4:32
Kasperi Kapanen 1 0 1 0 0 5 1 0 0 1 0/2 16:27 4:47 0:00
Mark Scheifele 0 0 0 0 0 1 1 1 0 0 14/29 24:40 6:28 5:40
Max Pacioretty 0 0 0 0 0 1 2 1 2 1 0/1 24:15 6:23 5:19
Nikita Tryamkin 0 0 0 -1 0 0 0 0 0 1 0/0 11:40 0:00 1:38
Ondrej Palat 0 0 0 0 2 0 1 0 0 0 0/0 6:37 0:00 0:00
Sam Bennett 0 0 0 -2 0 1 3 2 1 0 1/4 10:13 0:17 0:00
Shayne Gostisbehere 0 1 1 0 2 0 0 1 1 1 0/0 20:54 4:20 3:52
Tyler Kennedy 0 0 0 -2 0 1 1 0 0 1 0/3 11:55 0:00 1:59
Victor Hedman 1 0 1 0 2 1 1 2 1 0 0/0 21:24 4:20 3:48
Yanni Gourde 0 2 2 -1 0 1 1 0 0 0 9/12 16:48 4:47 1:59
3 Stars
1 - Oliver Ekman-Larsson (Van)
2 - Derick Brassard (Van)
3 - Artemi Panarin (Van)
Power Play
Canucks - 1 on 6 Attempt(s) - 16.67%
Lightning - 2 on 7 Attempt(s) - 28.57%
Penalty Kill
Canucks - 5 on 7 Attempt(s) - 71.43%
- Score 0 goal in Penalty Kill
Lightning - 5 on 6 Attempt(s) - 83.33%
- Score 0 goal in Penalty Kill
Team Stat
Canucks - Hits : 16 - Faceoff Wins : 29 - Blocked Shots : 11 - Penalty Minutes : 14
Lightning - Hits : 21 - Faceoff Wins : 28 - Blocked Shots : 9 - Penalty Minutes : 12
Official
Referees : Chris Rooney and Peter MacDougall
Linesman : Brandon Gawryletz and Scott Cherrey
Game Notes
No Game Note
Finance
Level 1 -- Attendance: 6000 (100.00%) -- Ticket Income $600,000
Level 2 -- Attendance: 4691 (93.82%) -- Ticket Income $281,460
Level 3 -- Attendance: 1889 (94.45%) -- Ticket Income $66,115
Level 4 -- Attendance: 4000 (100.00%) -- Ticket Income $100,000
Luxury Box -- Attendance: 1000 (100.00%) -- Ticket Income $200,000
Game was played at the Amalie Arena.
Total Attendance: 17580 (97.67%)
Total Ticket Income: $1,247,575
Other Income: $187,136
Total Income: $1,434,711
Canucks
5 vs 5 Forward
Center Left Wing Right Wing Time % Phy DF OF
1 Derick Brassard Artemi Panarin Ben Smith 51 1 2 2
2 Gilbert Brule Nick Ritchie Sam Gagner 35 1 2 2
3 Patrice Bergeron Jeremy Morin Mats Zuccarello 10 1 2 2
4 Maxim Talbot Andreas Martinsen Josh Bailey 4 1 2 2
5 vs 5 Defense
Defense Defense Time % Phy DF OF
1 Oliver Ekman-Larsson Tyler Myers 55 1 2 2
2 Hampus Lindholm Brandon Gormley 30 1 2 2
3 Michael Kostka Brandon Burlon 10 1 2 2
4 Oliver Ekman-Larsson Tyler Myers 5 1 2 2
PowerPlay Forward
Center Left Wing Right Wing Time % Phy DF OF
1 Derick Brassard Artemi Panarin Ben Smith 60 1 2 2
2 Patrice Bergeron Jeremy Morin Sam Gagner 40 1 2 2
PowerPlay Defense
Defense Defense Time % Phy DF OF
1 Oliver Ekman-Larsson Hampus Lindholm 60 1 2 2
2 Brandon Gormley Tyler Myers 40 1 2 2
Penalty Kill 4 Players Forward
Center Wing Time % Phy DF OF
1 Artemi Panarin Derick Brassard 60 1 2 2
2 Patrice Bergeron Ben Smith 40 1 2 2
Penalty Kill 4 Players Defense
Defense Defense Time % Phy DF OF
1 Oliver Ekman-Larsson Tyler Myers 60 1 2 2
2 Hampus Lindholm Michael Kostka 40 1 2 2
Penalty Kill - 3 Players Forward
Forward Time % Phy DF OF
1 Artemi Panarin 60 1 2 2
2 Derick Brassard 40 1 2 2
Penalty Kill - 3 Players Defense
Defense Defense Time % Phy DF OF
1 Oliver Ekman-Larsson Tyler Myers 60 1 2 2
2 Hampus Lindholm Michael Kostka 40 1 2 2
4 vs 4 Forward
Center Wing Time % Phy DF OF
1 Artemi Panarin Derick Brassard 60 1 2 2
2 Patrice Bergeron Ben Smith 40 1 2 2
4 vs 4 Defense
Defense Defense Time % Phy DF OF
1 Oliver Ekman-Larsson Tyler Myers 60 1 2 2
2 Hampus Lindholm Brandon Gormley 40 1 2 2
Last Minutes Offensive
Center Left Wing Right Wing Defense Defense
Derick Brassard Nick Ritchie Ben Smith Oliver Ekman-Larsson Hampus Lindholm
Last Minutes Defensive
Center Left Wing Right Wing Defense Defense
Derick Brassard Artemi Panarin Ben Smith Oliver Ekman-Larsson Tyler Myers
Goaltenders
Starting : Matt Hackett
Backup : Alexandar Georgiev
Extra Forwards
Normal : Gilbert Brule, Mats Zuccarello, Nick Ritchie - PP : Gilbert Brule, Mats Zuccarello - PK : Nick Ritchie
Extra Defensemen
Normal : Brandon Gormley, Brandon Burlon, Hampus Lindholm - PP : Brandon Gormley - PK : Brandon Burlon, Hampus Lindholm
Penalty Shots
Artemi Panarin, Derick Brassard, Patrice Bergeron, Ben Smith, Gilbert Brule
Scratches
Josh Gorges (Healthy)
Lightning
5 vs 5 Forward
Center Left Wing Right Wing Time % Phy DF OF
1 Mark Scheifele Max Pacioretty Kasperi Kapanen 40 1 2 2
2 Yanni Gourde Brendan Lemieux Brock Boeser 30 1 2 2
3 Sam Bennett Jimmy Vesey Tyler Kennedy 20 1 2 2
4 Antoine Vermette Ondrej Palat Jesper Fast 10 1 2 2
5 vs 5 Defense
Defense Defense Time % Phy DF OF
1 John Carlson Brent Seabrook 40 1 2 2
2 Shayne Gostisbehere Victor Hedman 30 1 2 2
3 Jiri Fischer Nikita Tryamkin 20 1 2 2
4 John Carlson Brent Seabrook 10 1 2 2
PowerPlay Forward
Center Left Wing Right Wing Time % Phy DF OF
1 Mark Scheifele Max Pacioretty Brock Boeser 60 1 2 2
2 Yanni Gourde Brendan Lemieux Kasperi Kapanen 40 1 2 2
PowerPlay Defense
Defense Defense Time % Phy DF OF
1 John Carlson Brent Seabrook 60 1 2 2
2 Shayne Gostisbehere Victor Hedman 40 1 2 2
Penalty Kill 4 Players Forward
Center Wing Time % Phy DF OF
1 Mark Scheifele Max Pacioretty 60 1 2 2
2 Yanni Gourde Tyler Kennedy 40 1 2 2
Penalty Kill 4 Players Defense
Defense Defense Time % Phy DF OF
1 John Carlson Brent Seabrook 60 1 2 2
2 Shayne Gostisbehere Victor Hedman 40 1 2 2
Penalty Kill - 3 Players Forward
Forward Time % Phy DF OF
1 Mark Scheifele 60 1 2 2
2 Max Pacioretty 40 1 2 2
Penalty Kill - 3 Players Defense
Defense Defense Time % Phy DF OF
1 John Carlson Brent Seabrook 60 1 2 2
2 Shayne Gostisbehere Victor Hedman 40 1 2 2
4 vs 4 Forward
Center Wing Time % Phy DF OF
1 Mark Scheifele Max Pacioretty 60 1 2 2
2 Yanni Gourde Tyler Kennedy 40 1 2 2
4 vs 4 Defense
Defense Defense Time % Phy DF OF
1 John Carlson Brent Seabrook 60 1 2 2
2 Shayne Gostisbehere Victor Hedman 40 1 2 2
Last Minutes Offensive
Center Left Wing Right Wing Defense Defense
Mark Scheifele Max Pacioretty Kasperi Kapanen John Carlson Brent Seabrook
Last Minutes Defensive
Center Left Wing Right Wing Defense Defense
Mark Scheifele Max Pacioretty Tyler Kennedy John Carlson Brent Seabrook
Goaltenders
Starting : Jimmy Howard
Backup : Alex Nedeljkovic
Extra Forwards
Normal : Jesper Fast, Jimmy Vesey, Ondrej Palat - PP : Sam Bennett, Jimmy Vesey - PK : Brendan Lemieux
Extra Defensemen
Normal : Jiri Fischer, Nikita Tryamkin, Shayne Gostisbehere - PP : Jiri Fischer - PK : Nikita Tryamkin, Shayne Gostisbehere
Penalty Shots
Mark Scheifele, Max Pacioretty, Yanni Gourde, Tyler Kennedy, Kasperi Kapanen
Scratches
Alex Killorn (Healthy), Dave Bolland (Healthy), Jonathan Sigalet (Strained Right Knee Injury), Scott Mayfield (Healthy)
% Time on Ice - Canucks
Lines # - Real PCT - Wanted PCT - Time Play
Normal Forward
1 - 33% - 51% - 12:56
2 - 31% - 35% - 12:08
3 - 19% - 10% - 7:17
4 - 18% - 4% - 6:52
Normal Defense
1 - 48% - 55% - 18:50
2 - 33% - 30% - 12:48
3 - 19% - 10% - 7:35
4 - 0% - 5% - 0:00
PP Forward
1 - 57% - 60% - 5:22
2 - 43% - 40% - 3:59
PP Defense
1 - 66% - 60% - 6:11
2 - 34% - 40% - 3:10
PK Forward
1 - 70% - 60% - 7:20
2 - 30% - 40% - 3:12
PK Defense
1 - 59% - 60% - 6:10
2 - 41% - 40% - 4:22
PK3 Forward
1 - 100% - 60% - 0:49
2 - 0% - 40% - 0:00
PK3 Defense
1 - 76% - 60% - 0:37
2 - 24% - 40% - 0:12
44 Forward
1 - 100% - 60% - 0:05
2 - 0% - 40% - 0:00
44 Defense
1 - 100% - 60% - 0:05
2 - 0% - 40% - 0:00
Last Minute Offensive - 0:00
Last Minute Defensive - 0:00
Total
Forward - 60:00
Defense - 60:00
|
% Time on Ice - Lightning
Lines # - Real PCT - Wanted PCT - Time Play
Normal Forward
1 - 32% - 40% - 12:39
2 - 26% - 30% - 10:02
3 - 25% - 20% - 9:56
4 - 17% - 10% - 6:36
Normal Defense
1 - 38% - 40% - 14:54
2 - 35% - 30% - 13:49
3 - 25% - 20% - 10:00
4 - 1% - 10% - 0:30
PP Forward
1 - 58% - 60% - 6:34
2 - 42% - 40% - 4:47
PP Defense
1 - 62% - 60% - 7:01
2 - 38% - 40% - 4:20
PK Forward
1 - 74% - 60% - 5:47
2 - 26% - 40% - 1:59
PK Defense
1 - 46% - 60% - 3:34
2 - 54% - 40% - 4:12
PK3 Forward
1 - 76% - 60% - 1:12
2 - 24% - 40% - 0:23
PK3 Defense
1 - 61% - 60% - 0:58
2 - 39% - 40% - 0:37
44 Forward
1 - 100% - 60% - 0:05
2 - 0% - 40% - 0:00
44 Defense
1 - 0% - 60% - 0:00
2 - 100% - 40% - 0:05
Last Minute Offensive - 0:00
Last Minute Defensive - 0:00
Total
Forward - 60:00
Defense - 60:00
|
Play-by-Play
1st period
0:01 of 1st period - Derick Brassard wins face-off versus Mark Scheifele in neutral zone.
0:04 of 1st period - Slapshot by Oliver Ekman-Larsson.
0:04 of 1st period - Shot Blocked by Mark Scheifele.
0:16 of 1st period - Oliver Ekman-Larsson is hit by Kasperi Kapanen and loses puck.
1:12 of 1st period - Snap shot by Artemi Panarin.
1:12 of 1st period - Stopped by Jimmy Howard with a rebound.
1:14 of 1st period - Backhand shot by Ben Smith.
1:14 of 1st period - Stopped by Jimmy Howard without a rebound.
1:15 of 1st period - Yanni Gourde wins face-off versus Gilbert Brule in Lightning zone.
1:24 of 1st period - Slapshot by Brendan Lemieux.
1:24 of 1st period - Shot Misses the Net.
1:49 of 1st period - Snap shot by Jimmy Vesey.
1:49 of 1st period - Shot Blocked by Hampus Lindholm.
2:06 of 1st period - Minor Penalty to Maxim Talbot for Holding Stick.
2:07 of 1st period - Mark Scheifele wins face-off versus Artemi Panarin in Canucks zone.
3:13 of 1st period - Ben Smith is hit by Brendan Lemieux.
4:06 of 1st period - Penalty to Maxim Talbot is over, Maxim Talbot is back on ice.
4:43 of 1st period - Snap shot by Jimmy Vesey.
4:43 of 1st period - Deflect By Maxim Talbot.
4:43 of 1st period - Shot Misses the Net.
4:43 of 1st period - Puck is out of play.
4:44 of 1st period - Sam Bennett wins face-off versus Gilbert Brule in Canucks zone.
4:50 of 1st period - Minor Penalty to Nick Ritchie for Hooking.
4:51 of 1st period - Mark Scheifele wins face-off versus Artemi Panarin in Canucks zone.
4:55 of 1st period - Snap shot by Max Pacioretty.
4:55 of 1st period - Shot Blocked by Derick Brassard.
6:50 of 1st period - Penalty to Nick Ritchie is over, Nick Ritchie is back on ice.
6:58 of 1st period - Sam Bennett is hit by Hampus Lindholm and loses puck.
8:16 of 1st period - Snap shot by Jesper Fast.
8:16 of 1st period - Stopped by Matt Hackett with a rebound.
8:32 of 1st period - Snap shot by Derick Brassard.
8:32 of 1st period - Stopped by Jimmy Howard without a rebound.
8:33 of 1st period - Yanni Gourde wins face-off versus Ben Smith in Lightning zone.
8:38 of 1st period - Slapshot by Victor Hedman.
8:38 of 1st period - Shot Blocked by Tyler Myers.
8:40 of 1st period - Wrist shot by Brendan Lemieux.
8:40 of 1st period - Shot Misses the Net.
8:47 of 1st period - Icing by Derick Brassard.
8:48 of 1st period - Gilbert Brule wins face-off versus Tyler Kennedy in Canucks zone.
8:48 of 1st period - Gilbert Brule is hit by Sam Bennett.
9:14 of 1st period - Wrist shot by John Carlson.
9:14 of 1st period - Stopped by Matt Hackett with a rebound.
9:16 of 1st period - Slapshot by Brent Seabrook.
9:16 of 1st period - Shot Misses the Net.
9:20 of 1st period - Snap shot by Brendan Lemieux.
9:20 of 1st period - Stopped by Matt Hackett with a rebound.
9:22 of 1st period - Wrist shot by Brock Boeser.
9:22 of 1st period - Stopped by Matt Hackett without a rebound.
9:23 of 1st period - Derick Brassard wins face-off versus Mark Scheifele in Canucks zone.
9:50 of 1st period - Slapshot by Oliver Ekman-Larsson.
9:50 of 1st period - Deflect By Andreas Martinsen.
9:50 of 1st period - Stopped by Jimmy Howard with a rebound.
9:52 of 1st period - Slapshot by Oliver Ekman-Larsson.
9:52 of 1st period - Shot Misses the Net.
9:54 of 1st period - Slapshot by Maxim Talbot.
9:54 of 1st period - Stopped by Jimmy Howard with a rebound.
9:56 of 1st period - Wrist shot by Tyler Myers.
9:56 of 1st period - Stopped by Jimmy Howard without a rebound.
9:57 of 1st period - Yanni Gourde wins face-off versus Maxim Talbot in Lightning zone.
10:14 of 1st period - Snap shot by Maxim Talbot.
10:14 of 1st period - Shot Misses the Net.
10:16 of 1st period - Wrist shot by Josh Bailey.
10:16 of 1st period - Shot Misses the Net.
10:18 of 1st period - Slapshot by Tyler Myers.
10:18 of 1st period - Shot Blocked by Victor Hedman.
10:20 of 1st period - Snap shot by Andreas Martinsen.
10:20 of 1st period - Deflect By Maxim Talbot.
10:20 of 1st period - Shot Blocked by Victor Hedman.
10:20 of 1st period - Puck is out of play.
10:21 of 1st period - Ben Smith wins face-off versus Mark Scheifele in Lightning zone.
10:28 of 1st period - Wrist shot by Artemi Panarin.
10:28 of 1st period - Shot Misses the Net.
10:30 of 1st period - Snap shot by Tyler Myers.
10:30 of 1st period - Stopped by Jimmy Howard without a rebound.
10:31 of 1st period - Derick Brassard wins face-off versus Kasperi Kapanen in Lightning zone.
10:40 of 1st period - Wrist shot by Oliver Ekman-Larsson.
10:40 of 1st period - Stopped by Jimmy Howard without a rebound.
10:41 of 1st period - Yanni Gourde wins face-off versus Derick Brassard in Lightning zone.
11:50 of 1st period - Snap shot by Yanni Gourde.
11:50 of 1st period - Shot Misses the Net.
11:52 of 1st period - Slapshot by Yanni Gourde.
11:52 of 1st period - Stopped by Matt Hackett with a rebound.
11:54 of 1st period - Snap shot by Yanni Gourde.
11:54 of 1st period - Shot Misses the Net.
12:43 of 1st period - Brandon Burlon is hit by Mark Scheifele and loses puck.
12:56 of 1st period - Snap shot by Tyler Kennedy.
12:56 of 1st period - Shot Misses the Net.
12:58 of 1st period - Slapshot by Tyler Kennedy.
12:58 of 1st period - Shot Misses the Net.
13:00 of 1st period - Slapshot by Shayne Gostisbehere.
13:00 of 1st period - Shot Blocked by Michael Kostka.
13:02 of 1st period - Snap shot by Victor Hedman.
13:02 of 1st period - Shot Misses the Net.
13:04 of 1st period - Snap shot by Shayne Gostisbehere.
13:04 of 1st period - Shot Misses the Net.
13:18 of 1st period - Snap shot by Derick Brassard.
13:18 of 1st period - Goal by Derick Brassard - Canucks : 1 - Lightning : 0.
13:19 of 1st period - Derick Brassard wins face-off versus Mark Scheifele in neutral zone.
14:01 of 1st period - Minor Penalty to Sam Gagner for Holding.
14:02 of 1st period - Artemi Panarin wins face-off versus Mark Scheifele in Canucks zone.
14:25 of 1st period - Minor Penalty to Tyler Myers for Cross-checking.
14:26 of 1st period - Artemi Panarin wins face-off versus Max Pacioretty in Canucks zone.
14:26 of 1st period - Artemi Panarin is hit by Brent Seabrook.
14:54 of 1st period - Snap shot by Brendan Lemieux.
14:54 of 1st period - Shot Misses the Net.
15:00 of 1st period - Snap shot by Yanni Gourde.
15:00 of 1st period - Deflect By Kasperi Kapanen.
15:00 of 1st period - Stopped by Matt Hackett with a rebound.
15:02 of 1st period - Slapshot by Kasperi Kapanen.
15:02 of 1st period - Stopped by Matt Hackett without a rebound.
15:03 of 1st period - Yanni Gourde wins face-off versus Artemi Panarin in Canucks zone.
15:14 of 1st period - Snap shot by Kasperi Kapanen.
15:14 of 1st period - Goal by Kasperi Kapanen - Canucks : 1 - Lightning : 1.
15:15 of 1st period - Mark Scheifele wins face-off versus Artemi Panarin in neutral zone.
15:42 of 1st period - Brendan Lemieux is hit by Ben Smith and loses puck.
15:53 of 1st period - Wrist shot by Ben Smith.
15:53 of 1st period - Stopped by Jimmy Howard with a rebound.
15:55 of 1st period - Wrist shot by Ben Smith.
15:55 of 1st period - Shot Misses the Net.
16:19 of 1st period - Minor Penalty to Brock Boeser for High sticking.
16:20 of 1st period - Artemi Panarin wins face-off versus Mark Scheifele in Lightning zone.
16:25 of 1st period - Penalty to Tyler Myers is over, Tyler Myers is back on ice.
16:27 of 1st period - Snap shot by Tyler Myers.
16:27 of 1st period - Shot Misses the Net.
17:25 of 1st period - Slapshot by Oliver Ekman-Larsson.
17:25 of 1st period - Goal by Oliver Ekman-Larsson - Canucks : 2 - Lightning : 1.
17:26 of 1st period - Derick Brassard wins face-off versus Yanni Gourde in neutral zone.
17:34 of 1st period - Artemi Panarin is hit by Brendan Lemieux and loses puck.
17:43 of 1st period - Brent Seabrook is hit by Artemi Panarin.
18:13 of 1st period - Off-side.
18:14 of 1st period - Maxim Talbot wins face-off versus Tyler Kennedy in neutral zone.
18:21 of 1st period - Snap shot by Maxim Talbot.
18:21 of 1st period - Goal by Maxim Talbot - Canucks : 3 - Lightning : 1.
18:22 of 1st period - Derick Brassard wins face-off versus Mark Scheifele in neutral zone.
18:34 of 1st period - Snap shot by Artemi Panarin.
18:34 of 1st period - Shot Misses the Net.
18:36 of 1st period - Slapshot by Tyler Myers.
18:36 of 1st period - Stopped by Jimmy Howard with a rebound.
19:23 of 1st period - Nick Ritchie is hit by Max Pacioretty and loses puck.
19:48 of 1st period - Wrist shot by Kasperi Kapanen.
19:48 of 1st period - Shot Misses the Net.
19:50 of 1st period - Slapshot by John Carlson.
19:50 of 1st period - Shot Blocked by Nick Ritchie.
Goals for this period are 3 for Canucks vs 1 for Lightning.
Shots for this period are 13 for Canucks vs 8 for Lightning.
2nd period
0:01 of 2nd period - Derick Brassard wins face-off versus Brendan Lemieux in neutral zone.
0:06 of 2nd period - Snap shot by Derick Brassard.
0:06 of 2nd period - Stopped by Jimmy Howard with a rebound.
0:08 of 2nd period - Slapshot by Oliver Ekman-Larsson.
0:08 of 2nd period - Stopped by Jimmy Howard with a rebound.
0:10 of 2nd period - Snap shot by Oliver Ekman-Larsson.
0:10 of 2nd period - Stopped by Jimmy Howard with a rebound.
0:17 of 2nd period - Snap shot by Artemi Panarin.
0:17 of 2nd period - Shot Blocked by Brent Seabrook.
0:27 of 2nd period - Nick Ritchie is hit by Max Pacioretty and loses puck.
0:48 of 2nd period - Wrist shot by Patrice Bergeron.
0:48 of 2nd period - Stopped by Jimmy Howard without a rebound.
0:49 of 2nd period - Patrice Bergeron wins face-off versus Sam Bennett in Lightning zone.
1:14 of 2nd period - Yanni Gourde is hit by Ben Smith and loses puck.
1:19 of 2nd period - Snap shot by Artemi Panarin.
1:19 of 2nd period - Shot Misses the Net.
1:37 of 2nd period - Slapshot by Ondrej Palat.
1:37 of 2nd period - Shot Misses the Net.
2:23 of 2nd period - Snap shot by Brendan Lemieux.
2:23 of 2nd period - Stopped by Matt Hackett with a rebound.
2:25 of 2nd period - Slapshot by Brock Boeser.
2:25 of 2nd period - Shot Misses the Net.
3:25 of 2nd period - Off-side.
3:26 of 2nd period - Mark Scheifele wins face-off versus Maxim Talbot in neutral zone.
3:37 of 2nd period - Wrist shot by Andreas Martinsen.
3:37 of 2nd period - Deflect By Maxim Talbot.
3:37 of 2nd period - Shot Misses the Net.
3:37 of 2nd period - Puck is out of play.
3:38 of 2nd period - Yanni Gourde wins face-off versus Derick Brassard in Lightning zone.
4:16 of 2nd period - Wrist shot by Ben Smith.
4:16 of 2nd period - Shot Misses the Net.
4:18 of 2nd period - Wrist shot by Oliver Ekman-Larsson.
4:18 of 2nd period - Shot Blocked by Sam Bennett.
4:20 of 2nd period - Snap shot by Artemi Panarin.
4:20 of 2nd period - Stopped by Jimmy Howard with a rebound.
4:42 of 2nd period - Wrist shot by Ben Smith.
4:42 of 2nd period - Shot Blocked by Sam Bennett.
4:44 of 2nd period - Wrist shot by Oliver Ekman-Larsson.
4:44 of 2nd period - Stopped by Jimmy Howard with a rebound.
4:46 of 2nd period - Snap shot by Ben Smith.
4:46 of 2nd period - Goal by Ben Smith - Canucks : 4 - Lightning : 1.
4:47 of 2nd period - Yanni Gourde wins face-off versus Gilbert Brule in neutral zone.
4:56 of 2nd period - Snap shot by Brendan Lemieux.
4:56 of 2nd period - Stopped by Matt Hackett without a rebound.
4:57 of 2nd period - Brendan Lemieux wins face-off versus Gilbert Brule in Canucks zone.
5:02 of 2nd period - Backhand shot by Brendan Lemieux.
5:02 of 2nd period - Stopped by Matt Hackett without a rebound.
5:03 of 2nd period - Derick Brassard wins face-off versus Mark Scheifele in Canucks zone.
6:40 of 2nd period - Ondrej Palat is hit by Maxim Talbot and loses puck.
7:09 of 2nd period - Nick Ritchie is hit by Sam Bennett and loses puck.
7:21 of 2nd period - Off-side.
7:22 of 2nd period - Mats Zuccarello wins face-off versus Yanni Gourde in neutral zone.
7:25 of 2nd period - Brock Boeser is hit by Oliver Ekman-Larsson and loses puck.
7:52 of 2nd period - Backhand shot by Brendan Lemieux.
7:52 of 2nd period - Shot Blocked by Jeremy Morin.
7:58 of 2nd period - Wrist shot by Mats Zuccarello.
7:58 of 2nd period - Stopped by Jimmy Howard with a rebound.
8:00 of 2nd period - Snap shot by Patrice Bergeron.
8:00 of 2nd period - Shot Blocked by Brock Boeser.
8:08 of 2nd period - Snap shot by Patrice Bergeron.
8:08 of 2nd period - Stopped by Jimmy Howard with a rebound.
8:10 of 2nd period - Slapshot by Patrice Bergeron.
8:10 of 2nd period - Stopped by Jimmy Howard with a rebound.
8:12 of 2nd period - Snap shot by Mats Zuccarello.
8:12 of 2nd period - Stopped by Jimmy Howard with a rebound.
8:14 of 2nd period - Snap shot by Jeremy Morin.
8:14 of 2nd period - Stopped by Jimmy Howard with a rebound.
8:16 of 2nd period - Slapshot by Jeremy Morin.
8:16 of 2nd period - Stopped by Jimmy Howard with a rebound.
8:18 of 2nd period - Snap shot by Patrice Bergeron.
8:18 of 2nd period - Shot Misses the Net.
8:20 of 2nd period - Slapshot by Tyler Myers.
8:20 of 2nd period - Stopped by Jimmy Howard without a rebound.
8:21 of 2nd period - Derick Brassard wins face-off versus Mark Scheifele in Lightning zone.
8:48 of 2nd period - Sam Gagner is hit by John Carlson and loses puck.
8:53 of 2nd period - Wrist shot by Jimmy Vesey.
8:53 of 2nd period - Shot Blocked by Hampus Lindholm.
8:55 of 2nd period - Snap shot by Sam Bennett.
8:55 of 2nd period - Deflect By Jimmy Vesey.
8:55 of 2nd period - Shot Blocked by Hampus Lindholm.
8:55 of 2nd period - Puck is out of play.
8:56 of 2nd period - Mark Scheifele wins face-off versus Gilbert Brule in Canucks zone.
9:11 of 2nd period - Snap shot by Kasperi Kapanen.
9:11 of 2nd period - Stopped by Matt Hackett with a rebound.
10:07 of 2nd period - Slapshot by John Carlson.
10:07 of 2nd period - Shot Misses the Net.
10:09 of 2nd period - Snap shot by Sam Bennett.
10:09 of 2nd period - Deflect By Jimmy Vesey.
10:09 of 2nd period - Stopped by Matt Hackett without a rebound.
10:10 of 2nd period - Maxim Talbot wins face-off versus Sam Bennett in Canucks zone.
10:19 of 2nd period - Wrist shot by Sam Bennett.
10:19 of 2nd period - Stopped by Matt Hackett without a rebound.
10:20 of 2nd period - Derick Brassard wins face-off versus Mark Scheifele in Canucks zone.
10:22 of 2nd period - Minor Penalty to Derick Brassard for Slashing.
10:23 of 2nd period - Mark Scheifele wins face-off versus Artemi Panarin in Canucks zone.
10:36 of 2nd period - Off-side.
10:37 of 2nd period - Mark Scheifele wins face-off versus Artemi Panarin in neutral zone.
11:04 of 2nd period - Artemi Panarin is hit by Yanni Gourde.
12:22 of 2nd period - Penalty to Derick Brassard is over, Derick Brassard is back on ice.
12:50 of 2nd period - Slapshot by John Carlson.
12:50 of 2nd period - Stopped by Matt Hackett without a rebound.
12:51 of 2nd period - Antoine Vermette wins face-off versus Patrice Bergeron in Canucks zone.
13:55 of 2nd period - Snap shot by Yanni Gourde.
13:55 of 2nd period - Shot Misses the Net.
14:15 of 2nd period - Oliver Ekman-Larsson is hit by Ondrej Palat and loses puck.
14:19 of 2nd period - Icing by Oliver Ekman-Larsson.
14:20 of 2nd period - Antoine Vermette wins face-off versus Gilbert Brule in Canucks zone.
15:31 of 2nd period - Slapshot by Shayne Gostisbehere.
15:31 of 2nd period - Shot Blocked by Hampus Lindholm.
15:33 of 2nd period - Slapshot by Victor Hedman.
15:33 of 2nd period - Shot Misses the Net.
15:35 of 2nd period - Snap shot by Antoine Vermette.
15:35 of 2nd period - Stopped by Matt Hackett without a rebound.
15:36 of 2nd period - Artemi Panarin wins face-off versus Mark Scheifele in Canucks zone.
16:03 of 2nd period - Yanni Gourde is hit by Nick Ritchie and loses puck.
16:45 of 2nd period - Victor Hedman is hit by Brandon Burlon and loses puck.
17:08 of 2nd period - Wrist shot by Ben Smith.
17:08 of 2nd period - Deflect By Derick Brassard.
17:08 of 2nd period - Shot Blocked by Shayne Gostisbehere.
17:08 of 2nd period - Puck is out of play.
17:09 of 2nd period - Mark Scheifele wins face-off versus Artemi Panarin in Lightning zone.
17:15 of 2nd period - Minor Penalty to Ben Smith for Tripping.
17:16 of 2nd period - Artemi Panarin wins face-off versus Mark Scheifele in Canucks zone.
17:38 of 2nd period - John Carlson is hit by Artemi Panarin and loses puck.
17:45 of 2nd period - Artemi Panarin is hit by John Carlson and loses puck.
18:14 of 2nd period - Slapshot by Max Pacioretty.
18:14 of 2nd period - Stopped by Matt Hackett with a rebound.
18:18 of 2nd period - Snap shot by Brock Boeser.
18:18 of 2nd period - Stopped by Matt Hackett without a rebound.
18:19 of 2nd period - Yanni Gourde wins face-off versus Artemi Panarin in Canucks zone.
18:20 of 2nd period - Slapshot by Shayne Gostisbehere.
18:20 of 2nd period - Shot Blocked by Tyler Myers.
18:22 of 2nd period - Wrist shot by Victor Hedman.
18:22 of 2nd period - Goal by Victor Hedman - Canucks : 4 - Lightning : 2.
18:23 of 2nd period - Derick Brassard wins face-off versus Tyler Kennedy in neutral zone.
18:32 of 2nd period - Tyler Myers is hit by Sam Bennett and loses puck.
18:36 of 2nd period - Icing by Tyler Myers.
18:37 of 2nd period - Derick Brassard wins face-off versus Kasperi Kapanen in Canucks zone.
18:50 of 2nd period - Slapshot by Kasperi Kapanen.
18:50 of 2nd period - Deflect By Max Pacioretty.
18:50 of 2nd period - Shot Blocked by Oliver Ekman-Larsson.
18:50 of 2nd period - Puck is out of play.
18:51 of 2nd period - Mark Scheifele wins face-off versus Derick Brassard in Canucks zone.
19:02 of 2nd period - Slapshot by Artemi Panarin.
19:02 of 2nd period - Stopped by Jimmy Howard with a rebound.
19:25 of 2nd period - Snap shot by Nick Ritchie.
19:25 of 2nd period - Stopped by Jimmy Howard with a rebound.
19:39 of 2nd period - Minor Penalty to Brendan Lemieux for High sticking.
19:40 of 2nd period - Derick Brassard wins face-off versus Mark Scheifele in Lightning zone.
Goals for this period are 1 for Canucks vs 1 for Lightning.
Shots for this period are 16 for Canucks vs 11 for Lightning.
3rd period
0:01 of 3rd period - Mark Scheifele wins face-off versus Derick Brassard in neutral zone.
0:03 of 3rd period - Off-side.
0:04 of 3rd period - Derick Brassard wins face-off versus Mark Scheifele in neutral zone.
0:54 of 3rd period - Slapshot by Tyler Kennedy.
0:54 of 3rd period - Stopped by Matt Hackett without a rebound.
0:55 of 3rd period - Derick Brassard wins face-off versus Yanni Gourde in Canucks zone.
0:59 of 3rd period - Icing by Derick Brassard.
1:00 of 3rd period - Mark Scheifele wins face-off versus Derick Brassard in Canucks zone.
1:39 of 3rd period - Penalty to Brendan Lemieux is over, Brendan Lemieux is back on ice.
1:59 of 3rd period - Wrist shot by Mark Scheifele.
1:59 of 3rd period - Stopped by Matt Hackett without a rebound.
2:00 of 3rd period - Maxim Talbot wins face-off versus Jimmy Vesey in Canucks zone.
2:27 of 3rd period - Brendan Lemieux is hit by Oliver Ekman-Larsson and loses puck.
3:26 of 3rd period - Minor Penalty to Jiri Fischer for High sticking.
3:27 of 3rd period - Mark Scheifele wins face-off versus Derick Brassard in Lightning zone.
3:50 of 3rd period - Minor Penalty to Victor Hedman for Roughing.
3:51 of 3rd period - Mark Scheifele wins face-off versus Derick Brassard in Lightning zone.
5:26 of 3rd period - Penalty to Jiri Fischer is over, Jiri Fischer is back on ice.
5:50 of 3rd period - Penalty to Victor Hedman is over, Victor Hedman is back on ice.
6:11 of 3rd period - Andreas Martinsen is hit by Victor Hedman and loses puck.
7:26 of 3rd period - Jeremy Morin is hit by Brendan Lemieux and loses puck.
7:41 of 3rd period - Hampus Lindholm is hit by Tyler Kennedy and loses puck.
8:04 of 3rd period - Ondrej Palat is hit by Sam Gagner and loses puck.
8:39 of 3rd period - Max Pacioretty is hit by Jeremy Morin and loses puck.
9:03 of 3rd period - Nick Ritchie is hit by Jiri Fischer and loses puck.
9:20 of 3rd period - Minor Penalty to Ondrej Palat for Hooking.
9:21 of 3rd period - Ben Smith wins face-off versus Mark Scheifele in Lightning zone.
9:27 of 3rd period - Wrist shot by Artemi Panarin.
9:27 of 3rd period - Deflect By Ben Smith.
9:27 of 3rd period - Stopped by Jimmy Howard with a rebound.
9:29 of 3rd period - Wrist shot by Artemi Panarin.
9:29 of 3rd period - Shot Blocked by Max Pacioretty.
9:53 of 3rd period - Mark Scheifele is hit by Sam Gagner and loses puck.
10:24 of 3rd period - Jeremy Morin is hit by Brendan Lemieux and loses puck.
11:20 of 3rd period - Penalty to Ondrej Palat is over, Ondrej Palat is back on ice.
11:26 of 3rd period - Minor Penalty to Josh Bailey for Hooking.
11:27 of 3rd period - Yanni Gourde wins face-off versus Artemi Panarin in Canucks zone.
13:26 of 3rd period - Penalty to Josh Bailey is over, Josh Bailey is back on ice.
13:43 of 3rd period - Snap shot by Sam Gagner.
13:43 of 3rd period - Stopped by Jimmy Howard with a rebound.
13:55 of 3rd period - John Carlson is hit by Maxim Talbot and loses puck.
15:07 of 3rd period - Wrist shot by Andreas Martinsen.
15:07 of 3rd period - Stopped by Jimmy Howard with a rebound.
15:11 of 3rd period - Snap shot by Maxim Talbot.
15:11 of 3rd period - Shot Misses the Net.
15:27 of 3rd period - Jimmy Vesey is hit by Artemi Panarin and loses puck.
15:46 of 3rd period - Mark Scheifele is hit by Mats Zuccarello and loses puck.
16:15 of 3rd period - Gilbert Brule is hit by Antoine Vermette and loses puck.
17:28 of 3rd period - Slapshot by Nick Ritchie.
17:28 of 3rd period - Stopped by Jimmy Howard without a rebound.
17:29 of 3rd period - Gilbert Brule wins face-off versus Sam Bennett in Lightning zone.
17:41 of 3rd period - Minor Penalty to Shayne Gostisbehere for Hooking.
17:42 of 3rd period - Mark Scheifele wins face-off versus Artemi Panarin in Lightning zone.
19:38 of 3rd period - Hampus Lindholm is hit by Brendan Lemieux and loses puck.
19:41 of 3rd period - Penalty to Shayne Gostisbehere is over, Shayne Gostisbehere is back on ice.
19:57 of 3rd period - Slapshot by Kasperi Kapanen.
19:57 of 3rd period - Stopped by Matt Hackett without a rebound.
19:58 of 3rd period - Jesper Fast wins face-off versus Derick Brassard in Canucks zone.
Goals for this period are 0 for Canucks vs 0 for Lightning.
Shots for this period are 4 for Canucks vs 3 for Lightning.